 Dungeon Crawl Stone Soup version 0.20-a0-1117-g62da73f (webtiles) character file.

804 JiminyMac the Cleaver (level 7, 0/63 HPs)
             Began as a Minotaur Berserker on May 9, 2017.
             Was a Priest of Trog.
             Slain by a phantom (7 damage)
             ... on level 4 of the Dungeon.
             The game lasted 00:07:26 (3268 turns).

JiminyMac the Cleaver (Minotaur Berserker)          Turns: 3268, Time: 00:07:26

Health: 0/63       AC:  7    Str: 23    XL:     7   Next: 60%
Magic:  6/6        EV: 11    Int:  4    God:    Trog [***...]
Gold:   99         SH:  0    Dex: 10    Spells: 6/6 levels left

rFire    . . .     SeeInvis .   a - +0 hand axe
rCold    . . .     Gourm    .   (no shield)
rNeg     . . .     Faith    .   o - +0 ring mail
rPois    .         Spirit   .   (helmet restricted)
rElec    .         Reflect  .   (no cloak)
rCorr    .         Harm     .   v - +0 pair of gloves
MR       .....                  (no boots)
Stlth    +.........             (no amulet)
Regen    0.2/turn               f - ring of stealth
MPRegen  0.1/turn               (no ring)

@: no status effects
A: retaliatory headbutt, horns 2
a: Berserk, Trog's Hand, Burn Spellbooks, Renounce Religion


You were on level 4 of the Dungeon.
You worshipped Trog.
Trog was most pleased with you.
You were very hungry.

You visited 1 branch of the dungeon, and saw 4 of its levels.

You collected 99 gold pieces.

Inventory:

Hand Weapons
 a - a +0 hand axe (weapon)
Armour
 o - a +0 ring mail (worn)
 v - a +0 pair of gloves (worn)
Jewellery
 f - a ring of stealth (left hand)
Scrolls
 d - 2 scrolls of remove curse
 e - 2 scrolls of teleportation {unknown}
 g - a scroll of fog {unknown}
 i - a scroll of magic mapping {unknown}
 j - a scroll of immolation {unknown}
 l - 4 scrolls of identify {unknown}
 p - 3 scrolls of amnesia {unknown}
 q - 2 scrolls of fear {unknown}
 t - a scroll of enchant weapon {unknown}
 u - a scroll of random uselessness {unknown}
Potions
 b - 2 potions of berserk rage {unknown}
 h - a potion of brilliance {unknown}
 m - a potion of agility {unknown}
 n - 2 potions of heal wounds {unknown}
 r - a potion of haste {unknown}
 s - a potion of degeneration {unknown}
Comestibles
 c - 3 bread rations
 k - 2 meat rations
 w - a chunk of flesh
 x - 3 fruits


   Skills:
 + Level 6.3 Fighting
 * Level 8.0 Axes
 + Level 5.7 Armour
 - Level 2.1 Dodging


You had 6 spell levels left.
You didn't know any spells.

Dungeon Overview and Level Annotations

Branches:
Dungeon (4/15)
 Temple: D:4-7

Altars:
Elyvilon
Okawaru
Wu Jian
Xom


Innate Abilities, Weirdness & Mutations

You reflexively headbutt those who attack you in melee.
You have a pair of horns on your head.


Message History

The phantom blinks!
The phantom misses you.
You barely miss the phantom.
The phantom is almost destroyed.
The phantom blinks!
The phantom blinks!
The phantom blinks!
The phantom hits you.
The phantom blinks!
The phantom blinks!
The phantom hits you!
* * * LOW HITPOINT WARNING * * *
The phantom blinks!
You barely miss the phantom.
The phantom is almost destroyed.
The phantom hits you.
* * * LOW HITPOINT WARNING * * *
You barely miss the phantom.
The phantom is almost destroyed.
The phantom hits you!
You die...

......##....♣.♣.♣.♣...#.#
......##.....♣.♣.♣...§..###
.#.#..........♣.♣.........#
..>........#...♣...#.####........
.#.#...#.#...........# #.######.
.......#.###.######.## #......
.......#.# #.# #.# #.....
.##....#.# #.######.#####..##
)......#.# #....@...........#
.........# #####W#####.....#####§
##.....#########.# ##.........≈
##..............# #..########
###.#######.#### #.## #.# #.# #.#
#.# #.# #.# #.#### #.# ######(#
#####....# #.# ##......#


You could see a phantom.

Vanquished Creatures
  The ghost of bombasticus the Skirmisher, an amateur MiBe of Trog (D:4)
  Grinder (D:3)
  A phantom (D:4)
  A centaur (D:3)
  A crimson imp (D:4)
  2 worker ants
  6 adders
  An adder skeleton (D:4)
  3 worms
  A dart slug (D:1)
  5 leopard geckos
  2 orcs
  11 bats
  5 giant cockroaches
  2 goblins (D:2)
  6 hobgoblins
  3 quokkas
  A ball python (D:3)
  4 frilled lizards
  8 kobolds
  A leopard gecko skeleton (D:4)
  9 rats
75 creatures vanquished.

Vanquished Creatures (others)
  An iguana (D:4)
  A gnoll (D:4)
  2 orcs (D:4)
  A giant cockroach (D:4)
5 creatures vanquished.

Grand Total: 80 creatures vanquished

Notes
Turn   | Place    | Note
-------+----------+-------------------------------------------
     0 | D:1      | JiminyMac the Minotaur Berserker began the quest for the Orb.
     0 | D:1      | Reached XP level 1. HP: 19/19 MP: 0/0
   215 | D:1      | Reached skill level 4 in Axes
   218 | D:1      | Reached XP level 2. HP: 27/27 MP: 1/1
   713 | D:1      | Reached XP level 3. HP: 33/33 MP: 2/2
   859 | D:2      | Reached ** piety under Trog
   944 | D:2      | Found a white marble altar of Elyvilon.
  1685 | D:2      | Found an ornate altar of the Wu Jian Council.
  1744 | D:3      | Reached XP level 4. HP: 37/40 MP: 3/3
  1889 | D:3      | Noticed Grinder
  1896 | D:3      | Paralysed by Grinder for 4 turns
  1908 | D:3      | Killed Grinder
  1908 | D:3      | Reached skill level 5 in Fighting
  1908 | D:3      | Reached skill level 6 in Axes
  1908 | D:3      | Reached XP level 5. HP: 31/48 MP: 4/4
  1908 | D:3      | Reached XP level 6. HP: 36/56 MP: 5/5
  2352 | D:3      | Reached *** piety under Trog
  2878 | D:4      | Found an iron altar of Okawaru.
  2890 | D:4      | Reached skill level 5 in Armour
  3132 | D:4      | Found a shimmering altar of Xom.
  3147 | D:4      | Reached skill level 7 in Axes
  3183 | D:4      | Reached XP level 7. HP: 45/62 MP: 6/6
  3184 | D:4      | Noticed bombasticus's ghost (amateur MiBe)
  3203 | D:4      | Killed bombasticus's ghost
  3203 | D:4      | Reached skill level 8 in Axes
  3268 | D:4      | Slain by a phantom

Vault maps used:
D:1:      elethiomel_arrival_quiet, glass_columns_b
D:2:      lemuel_coloured_pillars_altar, nicolae_overflow_hidden_temple
D:3:      first_bread, grunt_decor_arrowhead, minmay_misc_feat_secret_circle,
          st_stairs_11, uniq_grinder
D:4:      kennysheep_mini_moat, ashenzari_altar_1, okawaru_trees_2,
          st_stairs_14, grunt_ministairs_15, xom_confusion_cloud

Skill      XL: |  1  2  3  4  5  6  7 |
---------------+----------------------+-----
Axes           | 4 6 7 8 |  8.0
Armour         | 3 4 5 |  5.7
Fighting       | 4 5 6 |  6.3
Dodging        | |  2.1

Action                   |  1- 3 |  4- 6 |  7- 9 || total
-------------------------+-------+-------+-------++-------
Melee: Hand axe          |    79 |   105 |    28 ||   212
       Headbutt          |    11 |    18 |     4 ||    33
Invok: Berserk           |     1 |     2 |     1 ||     4
  Use: Scroll            |     1 |       |       ||     1
 Stab: Sleeping          |     3 |     2 |       ||     5
  Eat: Chunk             |     3 |     7 |       ||    10
Armor: Ring mail         |    16 |    31 |     8 ||    55
       Animal skin       |     2 |       |       ||     2
Dodge: Dodged            |    56 |    61 |     6 ||   123
